 Dungeon Crawl Stone Soup version 0.31-a0-840-g6d2ecbb638 (webtiles) character file.

Game seed: 5818943482727505434

440 Ivernyr the Shield-Bearer (level 7, -2/55 HPs)
             Began as a Formicid Fighter on Sept 27, 2023.
             Slain by a gnoll
             ... wielding a +0 halberd
              (8 damage)
             ... on level 4 of the Dungeon.
             The game lasted 00:07:08 (2812 turns).

Ivernyr the Shield-Bearer (Formicid Fighter)        Turns: 2812, Time: 00:07:08

Health: -2/55      AC:  7    Str: 22    XL:     7   Next: 22%
Magic:  7/7        EV:  9    Int:  8    God:
Gold:   171        SH:  5    Dex: 13    Spells: 6/6 levels left

rFire   . . .        a - +0 quarterstaff
rCold   . . .        c - +0 buckler
rNeg    . . .        b - +0 scale mail
rPois   .            (helmet unavailable)
rElec   .            (no cloak)
rCorr   .            (no gloves)
SInv    +            (no boots)
Will    +....        (no amulet) Stlth
                     n - ring of willpower
HPRegen 0.29/turn    (no ring)
MPRegen 0.10/turn

%: no passive effects
@: no status effects
A: permanent stasis, dig shafts and tunnels, antennae 3, four strong arms
a: Dig, Shaft Self


You were on level 4 of the Dungeon.
You visited 1 branch of the dungeon, and saw 4 of its levels.

You collected 171 gold pieces.

Inventory:

Hand Weapons
 a - a +0 quarterstaff (weapon)
Armour
 b - a +0 scale mail (worn)
 c - a +0 buckler (worn)
Jewellery
 n - a ring of willpower (left hand)
Wands
 m - a wand of flame (6)
Scrolls
 e - a scroll of vulnerability {unknown}
 f - a scroll of amnesia {unknown}
 g - 2 scrolls of identify {unknown}
 h - a scroll of blinking {unknown}
 i - a scroll of brand weapon {unknown}
 k - 4 scrolls of teleportation {unknown}
 o - a scroll of torment {unknown}
 p - a scroll of immolation {unknown}
 q - a scroll of noise {unknown}
Potions
 d - 3 potions of might
 j - 3 potions of enlightenment {unknown}
 l - 3 potions of resistance {unknown}


   Skills:
 + Level 4.7 Fighting
 * Level 4.8 Staves
 + Level 4.7 Armour
 + Level 5.7 Shields


You had 6 spell levels left.
You didn't know any spells.
Your spell library contained the following spells:

 Spells                   Type           Power      Damage    Failure   Level
 Freeze                   Ice            0%         1d3       78%         1
 Scorch                   Fire           0%         2d5       89%         2
 Frozen Ramparts          Ice            0%         1d1       98%         3
 Hailstorm                Conj/Ice       0%         3d3       98%         3
 Flame Wave               Conj/Fire      0%         2d4       100%        4
 Summon Forest            Summ/Tloc      0%         N/A       100%        5
 Eringya's Noxious Bog    Tmut/Pois      0%         4d6       100%        6
 Summon Cactus Giant      Summ           0%         N/A       100%        6
 Summon Hydra             Summ           0%         N/A       100%        7


Dungeon Overview and Level Annotations

Branches:
Dungeon (4/15)
 Temple: D:4-7

Altars:

Shops:
D:1 ?


Innate Abilities, Weirdness & Mutations

You cannot be hasted, slowed, berserked, paralysed or teleported.
You can dig through walls and to a lower floor.
You have a pair of large antennae on your head. (SInv)
Your four strong arms can wield two-handed weapons with a shield.


Message History

Found a helmet.
q - a scroll labelled WUNOENULEO A gnoll comes into view.
It is wielding a +0 flail.
The gnoll shouts!
You hear a shout! x2
You see here 16 gold pieces.
A gnoll is nearby!
You now have 171 gold pieces (gained 16).
A gnoll comes into view. It is wielding a +0 halberd.
A gnoll comes into view. It is wielding a +0 whip.
Found a glowing hand axe.
Found 13 gold pieces.
You hit the gnoll.
The gnoll is moderately wounded.
The gnoll barely misses you.
You hit the gnoll.
The gnoll is severely wounded.
A gnoll comes into view. It is wielding a +0 halberd.
The gnoll hits you but does no damage. The gnoll barely misses you.
You sock the gnoll!
You kill the gnoll!
The gnoll hits you with a +0 whip. The gnoll barely misses you.
You block the gnoll's attack. The gnoll hits you with a +0 halberd!
You see here a +0 flail.
You closely miss the gnoll. The gnoll misses you. The gnoll barely misses you.
The gnoll hits you but does no damage.
The gnoll hits you from afar with a +0 halberd!
Found 2 stones.
You block the gnoll's attack. x2
The gnoll hits you with a +0 halberd!
You barely miss the gnoll. The gnoll barely misses you.
The gnoll hits you with a +0 halberd! The gnoll closely misses you.
You closely miss the gnoll. The gnoll hits you with a +0 halberd.
You block the gnoll's attack. The gnoll hits you with a +0 halberd!
* * * LOW HITPOINT WARNING * * *
You barely miss the gnoll. The gnoll hits you but does no damage.
The gnoll barely misses you. x2
You hit the gnoll but do no damage. The gnoll barely misses you.
The gnoll hits you but does no damage. The gnoll barely misses you.
You barely miss the gnoll. The gnoll closely misses you.
The gnoll hits you with a +0 halberd!
You die...

..............................#
.... ......................##
..................#####
.................##
............## #...#....###
#..##....# ...###.g).....#
.......@g.....# ...)..g....####
......###.## ...... ### ..$..
..... .... ...(


You could see 3 gnolls.

Vanquished Creatures
  Sigmund (D:3)
  An ogre (D:3)
  A hound (D:3)
  Terence (D:2)
  Natasha (D:3)
  4 adders
  A gnoll (D:4)
  A dart slug (D:2)
  3 orcs
  10 ball pythons
  8 bats
  7 endoplasms
  3 giant cockroaches
  10 goblins
  5 hobgoblins
  A quokka (D:1)
  4 frilled lizards
  5 kobolds
  6 rats
73 creatures vanquished.

Notes
Turn   | Place    | Note
-------+----------+-------------------------------------------
     0 | D:1      | Ivernyr the Formicid Fighter began the quest for the Orb.
     0 | D:1      | Reached XP level 1. HP: 18/18 MP: 1/1
   122 | D:1      | Reached XP level 2. HP: 23/24 MP: 2/2
   247 | D:1      | Found The Oracle's Delphic Readings.
   329 | D:1      | Reached XP level 3. HP: 29/29 MP: 3/3
   686 | D:2      | Noticed Terence
   698 | D:2      | Killed Terence
   699 | D:2      | Reached XP level 4. HP: 22/37 MP: 4/4
  1615 | D:3      | Reached XP level 5. HP: 42/42 MP: 5/5
  1801 | D:3      | Noticed Natasha
  1816 | D:3      | Killed Natasha
  1985 | D:3      | Noticed Sigmund
  2001 | D:3      | Killed Sigmund
  2002 | D:3      | Reached skill level 5 in Shields
  2002 | D:3      | Reached XP level 6. HP: 29/49 MP: 6/6
  2528 | D:4      | Noticed an ogre
  2549 | D:3      | Killed an ogre
  2550 | D:3      | Reached XP level 7. HP: 13/55 MP: 7/7
  2812 | D:4      | Slain by a gnoll

Illustrated notes

Levels and vault maps discovered:
D:1:      heliophobic_arrival_dark_side_of_the_moon, layout_rooms,
          nicolae_concentric_dashed_squares_mild, nicolae_nh_oracle_at_delphi
D:2:      layout_basic, uniq_terence
D:3:      layout_basic, kennysheep_generic_room_14, uniq_sigmund, uniq_natasha
D:4:      layout_cave_pools, nicolae_overflows_in_rows, item_on_display_a

Skill      XL: |  1  2  3  4  5 |
---------------+----------------+-----
Staves         | 3 4 |  4.8
Armour         | 4 |  4.7
Fighting       | 4 |  4.7
Shields        | 5 |  5.7

Action                     |  1- 3 |  4- 6 |  7- 9 || total
---------------------------+-------+-------+-------++-------
  Melee: Quarterstaff      |    77 |   107 |    15 ||   199
   Stab: Distracted        |       |     1 |       ||     1
 Armour: Scale mail        |    47 |    64 |    17 ||   128
  Dodge: Dodged            |    28 |    43 |    13 ||    84
  Block: Buckler           |    19 |    29 |     5 ||    53

Table legend: (Time is in decaauts)
 A = Elapsed time spent in this place.
 B = Non-inter-level travel time spent in this place.
 C = Inter-level travel time spent in this place.
 D = Time resting spent in this place.
 E = Time spent auto-exploring this place.
 F = Levels seen in this place.
 G = Mean time per level.
                   A        B        C        D        E       F      G
               +--------+--------+--------+--------+--------+-----+--------+
         Total |   2846 |   2783 |     63 |    207 |   2018 |   4 |  711.5 |
       Dungeon |   2846 |   2783 |     63 |    207 |   2018 |   4 |  711.5 |
               +--------+--------+--------+--------+--------+-----+--------+

Top non-repeatable levels by time:
     D:3: 1085 daAuts
     D:2: 982 daAuts
     D:1: 623 daAuts
     D:4: 154 daAuts
